PAAA
CALGARY LYNX @ BALTIMORE BLACK SOX
08/11/2034
 
TOP OF THE 1ST
Calgary Lynx batting - Pitching for Baltimore Black Sox : RHP Jordan Turpin
Pitching: RHP Jordan Turpin
Batting: RHB Dhyana Snigdha 0-0: Ball
1-0: SINGLE (Groundball, 56D)
Batting: LHB Daniel García 0-0: Ball
1-0: Fly out, F9 (Flyball, 9LS)
Batting: RHB José de la Cavallería 0-0: Ball
1-0: Ball
2-0: Grounds into double play, 6-4-3 (Groundball, 6)
Top of the 1st over - 0 runs, 1 hit, 0 errors, 0 left on base; Calgary 0 - Baltimore 0
BOTTOM OF THE 1ST
Baltimore Black Sox batting - Pitching for Calgary Lynx : LHP Andrew Moody
Pitching: LHP Andrew Moody
Batting: RHB Fernando Martínez 0-0: Ball
1-0: Foul Ball, location: 2F
1-1: Ball
2-1: Called Strike
2-2: Ball
3-2: Base on Balls
Batting: LHB Henry Madore 0-0: Called Strike
0-1: Ball
1-1: Ball
2-1: Called Strike
2-2: Ball
3-2: Strikes out swinging
Fernando Martínez steals 2nd base
Batter strikes out.
Batting: RHB Daniel Bertrand 0-0: Called Strike
0-1: Ball
1-1: Ball
2-1: Ball
3-1: Base on Balls
Batting: RHB Armando Alvarado 0-0: Called Strike
Fernando Martínez steals 3rd base
Daniel Bertrand to second
0-1: Fly out, F7 (Flyball, 78S)
Runner from 3rd tags up, OUT at HOME
Bottom of the 1st over - 0 runs, 0 hits, 0 errors, 1 left on base; Calgary 0 - Baltimore 0
TOP OF THE 2ND
Calgary Lynx batting - Pitching for Baltimore Black Sox : RHP Jordan Turpin
Batting: RHB Alberto Salas 0-0: Foul Ball, location: 2F
0-1: Foul Ball, location: 2F
0-2: Ball
1-2: Ball
2-2: Strikes out swinging
Batting: RHB Júlio Vargas 0-0: Fly out, F8 (Line Drive, 8LD)
Batting: RHB Luis Delvalle 0-0: Ball
1-0: Ball
2-0: Called Strike
2-1: Foul Ball, location: 2F
2-2: Strikes out swinging
Top of the 2nd over - 0 runs, 0 hits, 0 errors, 0 left on base; Calgary 0 - Baltimore 0
BOTTOM OF THE 2ND
Baltimore Black Sox batting - Pitching for Calgary Lynx : LHP Andrew Moody
Batting: RHB Raúl Cicerón 0-0: Ball
1-0: Foul Ball, location: 2F
1-1: Ball
2-1: Fly out, F7 (Flyball, 78M)
Batting: LHB Ramón Flores 0-0: Foul Ball, location: 2F
0-1: SINGLE (Groundball, 23) (infield hit)
Batting: RHB Lee Storment 0-0: Ball
Ramón Flores steals 2nd base
1-0: Ground out 6-3 (Groundball, 6)
Batting: LHB Tomás Valenzuela 0-0: Ball
1-0: Called Strike
1-1: Ball
2-1: Ball
Wild Pitch!
Ramón Flores to third
3-1: Base on Balls
Batting: LHB Marcos Costa 0-0: Called Strike
0-1: Ball
1-1: Foul Ball, location: 2F
1-2: Strikes out swinging
Bottom of the 2nd over - 0 runs, 1 hit, 0 errors, 2 left on base; Calgary 0 - Baltimore 0
TOP OF THE 3RD
Calgary Lynx batting - Pitching for Baltimore Black Sox : RHP Jordan Turpin
Batting: LHB Xuan-ling Chen 0-0: Called Strike
0-1: Foul Ball, location: 2F
0-2: Foul Ball, location: 2F
0-2: Strikes out swinging
Batting: RHB Joe Ferguson 0-0: Swinging Strike
0-1: Foul Ball, location: 2F
0-2: Fly out, F7 (Line Drive, 7)
Batting: RHB Rubén Medina 0-0: Called Strike
0-1: Foul Ball, location: 2F
0-2: Ball
1-2: Ball
2-2: Ball
3-2: Fly out, F9 (Flyball, 89D)
Top of the 3rd over - 0 runs, 0 hits, 0 errors, 0 left on base; Calgary 0 - Baltimore 0
BOTTOM OF THE 3RD
Baltimore Black Sox batting - Pitching for Calgary Lynx : LHP Andrew Moody
Batting: RHB Fernando Martínez 0-0: Ball
1-0: Foul Ball, location: 2F
1-1: Foul Ball, location: 2F
1-2: Ball
2-2: Foul Ball, location: 2F
2-2: SINGLE (Line Drive, 34D)
Batting: LHB Henry Madore 0-0: Called Strike
Fernando Martínez steals 2nd base
0-1: Foul Ball, location: 2F
0-2: Foul Ball, location: 2F
0-2: Ground out 6-3 (Groundball, 6D)
Batting: RHB Daniel Bertrand 0-0: Swinging Strike
0-1: Fly out, F8 (Flyball, 89D)
Runner from 2nd tags up, SAFE at 3rd, no throw
Batting: RHB Armando Alvarado 0-0: Ball
1-0: Fly out, F8 (Line Drive, 8LXD)
Bottom of the 3rd over - 0 runs, 1 hit, 0 errors, 1 left on base; Calgary 0 - Baltimore 0
TOP OF THE 4TH
Calgary Lynx batting - Pitching for Baltimore Black Sox : RHP Jordan Turpin
Batting: RHB Dhyana Snigdha 0-0: Ball
1-0: Ground out 4-3 (Groundball, 4)
Batting: LHB Daniel García 0-0: Ground out 4-3 (Groundball, 4)
Batting: RHB José de la Cavallería 0-0: Called Strike
0-1: Ball
1-1: Ground out U3 (Groundball, 3L)
Top of the 4th over - 0 runs, 0 hits, 0 errors, 0 left on base; Calgary 0 - Baltimore 0
BOTTOM OF THE 4TH
Baltimore Black Sox batting - Pitching for Calgary Lynx : LHP Andrew Moody
Batting: RHB Raúl Cicerón 0-0: Ball
1-0: SINGLE (Line Drive, 6MD)
Batting: LHB Ramón Flores 0-0: Called Strike
0-1: Ball
1-1: Ball
2-1: Fielders Choice at 2nd, 5-4 (Groundball, 56)
Batting: RHB Lee Storment 0-0: Ball
1-0: Called Strike
1-1: Ball
2-1: Foul Ball, location: 2F
2-2: Foul Ball, location: 2F
2-2: Strikes out swinging
Batting: LHB Tomás Valenzuela 0-0: Ground out 4-3 (Groundball, 34)
Bottom of the 4th over - 0 runs, 1 hit, 0 errors, 1 left on base; Calgary 0 - Baltimore 0
TOP OF THE 5TH
Calgary Lynx batting - Pitching for Baltimore Black Sox : RHP Jordan Turpin
Batting: RHB Alberto Salas 0-0: Called Strike
0-1: Ball
1-1: Ball
2-1: SINGLE (Groundball, 6MD)
Batting: RHB Júlio Vargas 0-0: Ball
1-0: Foul Ball, location: 2F
1-1: Fly out, F7 (Flyball, 7LMF)
Batting: RHB Luis Delvalle 0-0: Ball
Alberto Salas is caught stealing 2nd base
1-0: Ground out 5-3 (Groundball, 56)
Top of the 5th over - 0 runs, 1 hit, 0 errors, 0 left on base; Calgary 0 - Baltimore 0
BOTTOM OF THE 5TH
Baltimore Black Sox batting - Pitching for Calgary Lynx : LHP Andrew Moody
Batting: LHB Marcos Costa 0-0: Called Strike
0-1: Foul Ball, location: 2F
0-2: Ball
1-2: Foul Ball, location: 2F
1-2: Strikes out swinging
Batting: RHB Fernando Martínez 0-0: Ball
1-0: SINGLE (Groundball, 6D)
Batting: LHB Henry Madore 0-0: Ball
1-0: Ball
2-0: Foul Ball, location: 2F
2-1: Foul Ball, location: 2F
2-2: Foul Ball, location: 2F
2-2: Strikes out swinging
Batting: RHB Daniel Bertrand 0-0: Called Strike
0-1: SINGLE (Groundball, 56) (infield hit)
Fernando Martínez to second
Batting: RHB Armando Alvarado 0-0: Ball
1-0: Called Strike
1-1: Ball
2-1: Swinging Strike
2-2: Ground out 1-3 (Groundball, 15)
Bottom of the 5th over - 0 runs, 2 hits, 0 errors, 2 left on base; Calgary 0 - Baltimore 0
TOP OF THE 6TH
Calgary Lynx batting - Pitching for Baltimore Black Sox : RHP Jordan Turpin
Batting: LHB Xuan-ling Chen 0-0: Ball
1-0: Called Strike
1-1: Foul Ball, location: 2F
1-2: Ball
2-2: Fly out, F8 (Flyball, 8LD)
Batting: RHB Joe Ferguson 0-0: Ball
1-0: Swinging Strike
1-1: SINGLE (Groundball, 56) (infield hit)
Batting: RHB Rubén Medina 0-0: Ball
1-0: DOUBLE (Groundball, 5L)
Joe Ferguson to third
Batting: RHB Dhyana Snigdha 0-0: Foul Ball, location: 2F
0-1: Foul Ball, location: 2F
0-2: Foul Ball, location: 2F
0-2: DOUBLE (Line Drive, 7LM)
Joe Ferguson scores
Rubén Medina scores
Batting: LHB Daniel García 0-0: Foul Ball, location: 2F
0-1: SINGLE (Groundball, 34) (infield hit)
Dhyana Snigdha to third
Batting: RHB José de la Cavallería 0-0: Ball
1-0: Grounds into double play, 6-4-3 (Groundball, 6)
Top of the 6th over - 2 runs, 4 hits, 0 errors, 1 left on base; Calgary 2 - Baltimore 0
BOTTOM OF THE 6TH
Baltimore Black Sox batting - Pitching for Calgary Lynx : LHP Andrew Moody
Batting: RHB Raúl Cicerón 0-0: Ball
1-0: Ball
2-0: Foul Ball, location: 2F
2-1: Ball
3-1: Called Strike
3-2: Foul Ball, location: 2F
3-2: Base on Balls
Pitching: LHP Felipe Machado
Batting: LHB Ramón Flores 0-0: Ball
1-0: Bunted foul
1-1: Sac Bunt - play at first, batter OUT! 2-4
Raúl Cicerón to second
Batting: RHB Lee Storment 0-0: Ball
1-0: Ball
2-0: Ground out 5-3 (Groundball, 25)
Raúl Cicerón to third
Batting: LHB Tomás Valenzuela 0-0: Called Strike
0-1: Ball
1-1: Ground out 1-3 (Groundball, 13)
Bottom of the 6th over - 0 runs, 0 hits, 0 errors, 1 left on base; Calgary 2 - Baltimore 0
TOP OF THE 7TH
Calgary Lynx batting - Pitching for Baltimore Black Sox : RHP Jordan Turpin
Batting: RHB Alberto Salas 0-0: Called Strike
0-1: Fly out, F9 (Flyball, 89M)
Batting: RHB Júlio Vargas 0-0: Foul Ball, location: 2F
0-1: Ball
1-1: Ball
2-1: Called Strike
2-2: DOUBLE (Line Drive, 89D)
Batting: RHB Luis Delvalle 0-0: Called Strike
0-1: Ball
1-1: Called Strike
1-2: Ball
2-2: Foul Ball, location: 2F
2-2: Foul Ball, location: 2F
2-2: Strikes out swinging
Batting: LHB Xuan-ling Chen 0-0: Foul Ball, location: 2F
0-1: Ball
1-1: Called Strike
1-2: Ball
2-2: Foul Ball, location: 2F
2-2: Foul Ball, location: 2F
2-2: Ball
3-2: Fly out, F8 (Flyball, 78D)
Top of the 7th over - 0 runs, 1 hit, 0 errors, 1 left on base; Calgary 2 - Baltimore 0
BOTTOM OF THE 7TH
Baltimore Black Sox batting - Pitching for Calgary Lynx : LHP Felipe Machado
Batting: LHB Marcos Costa 0-0: SINGLE (Line Drive, 9S)
Batting: RHB Fernando Martínez 0-0: Swinging Strike
0-1: Ball
1-1: Foul Ball, location: 2F
1-2: Strikes out looking
Pitching: RHP Jesús Hernández
Batting: LHB Henry Madore 0-0: Ball
1-0: Ball
2-0: Called Strike
2-1: Foul Ball, location: 2F
2-2: Grounds into double play, 6-4-3 (Groundball, 6M)
Bottom of the 7th over - 0 runs, 1 hit, 0 errors, 0 left on base; Calgary 2 - Baltimore 0
TOP OF THE 8TH
Calgary Lynx batting - Pitching for Baltimore Black Sox : RHP Jordan Turpin
Batting: RHB Joe Ferguson 0-0: Foul Ball, location: 2F
0-1: Foul Ball, location: 2F
0-2: Ball
1-2: Ground out 6-3 (Groundball, 6)
Batting: RHB Rubén Medina 0-0: Ball
1-0: Ball
2-0: Foul Ball, location: 2F
2-1: Called Strike
2-2: Foul Ball, location: 2F
2-2: Strikes out looking
Batting: RHB Dhyana Snigdha 0-0: SOLO HOME RUN (Line Drive, 7LD), Distance : 350 ft
Batting: LHB Daniel García 0-0: Ball
1-0: Ball
2-0: Swinging Strike
2-1: Called Strike
2-2: Ball
3-2: Strikes out swinging
Top of the 8th over - 1 run, 1 hit, 0 errors, 0 left on base; Calgary 3 - Baltimore 0
BOTTOM OF THE 8TH
Baltimore Black Sox batting - Pitching for Calgary Lynx : RHP Jesús Hernández
Batting: RHB Daniel Bertrand 0-0: Called Strike
0-1: Fly out, F8 (Flyball, 8RM)
Batting: RHB Armando Alvarado 0-0: Ball
1-0: Ground out 5-3 (Groundball, 56S)
Batting: RHB Raúl Cicerón 0-0: Foul Ball, location: 2F
0-1: Foul Ball, location: 2F
0-2: Ball
1-2: Strikes out swinging
Bottom of the 8th over - 0 runs, 0 hits, 0 errors, 0 left on base; Calgary 3 - Baltimore 0
TOP OF THE 9TH
Calgary Lynx batting - Pitching for Baltimore Black Sox : RHP Jordan Turpin
Pitching: RHP Bob Christison
Batting: RHB José de la Cavallería 0-0: Swinging Strike
0-1: Ball
1-1: Swinging Strike
1-2: Strikes out swinging
Batting: RHB Alberto Salas 0-0: Called Strike
0-1: Ball
1-1: Ball
2-1: Ball
3-1: Fly out, F3 (Popup, 3F)
Batting: RHB Júlio Vargas 0-0: Foul Ball, location: 2F
0-1: Ground out 5-3 (Groundball, 56S)
Top of the 9th over - 0 runs, 0 hits, 0 errors, 0 left on base; Calgary 3 - Baltimore 0
BOTTOM OF THE 9TH
Baltimore Black Sox batting - Pitching for Calgary Lynx : RHP Jesús Hernández
Batting: LHB Ramón Flores 0-0: Ball
1-0: Ball
2-0: Ball
3-0: Called Strike
3-1: Base on Balls
Batting: RHB Lee Storment 0-0: Called Strike
0-1: Ball
1-1: Swinging Strike
1-2: Ball
2-2: Foul Ball, location: 2F
2-2: SINGLE (Groundball, 4) (infield hit)
Ramón Flores to second
Batting: LHB Tomás Valenzuela 0-0: Fly out, F8 (Line Drive, 89D)
Runner from 2nd tags up, SAFE at 3rd, no throw
Batting: LHB Marcos Costa 0-0: Foul Ball, location: 2F
0-1: Swinging Strike
0-2: Strikes out swinging
Batting: RHB Fernando Martínez 0-0: Ball
1-0: Ground out 5-3 (Groundball, 56S)
Bottom of the 9th over - 0 runs, 1 hit, 0 errors, 2 left on base; Calgary 3 - Baltimore 0
Friday, March 29th, 2019 - OOTP Baseball 18.8 Build 76